 Dungeon Crawl Stone Soup version 0.29.0-15-g675c0067aa (webtiles) character file.

Game seed: 13577235344929142338

80 Jakudza the Gusty (level 4, 0/24 HPs)
             Began as a Tengu Air Elementalist on Sept 12, 2022.
             Slain by Pargi (3 damage)
             ... on level 2 of the Dungeon.
             The game lasted 00:10:26 (2163 turns).

Jakudza the Gusty (Tengu Air Elementalist)          Turns: 2163, Time: 00:10:30

Health: 0/24       AC:  4    Str:  9    XL:     4   Next: 39%
Magic:  9/9        EV: 12    Int: 17    God:
Gold:   139        SH:  0    Dex: 14    Spells: 2/8 levels left

rFire   . . .      SeeInvis .   f - +0 rapier (elec)
rCold   . . .      Faith    .   (no shield)
rNeg    . . .      Spirit   .   a - +0 robe
rPois   .          Reflect  .   (helmet restricted)
rElec   .          Harm     .   g - +0 cloak
rCorr   .          Rampage  .   h - +0 pair of gloves
Will    .....                   (boots unavailable)
Stlth   ++........              i - amulet of magic regeneration
HPRegen 0.08/turn               (no ring)
MPRegen 0.51/turn               (no ring)

@: no status effects
A: beak, talons 3
a: no special abilities


You were on level 2 of the Dungeon.
You visited 1 branch of the dungeon, and saw 3 of its levels.

You collected 139 gold pieces.

Inventory:

Hand Weapons
 f - a +0 rapier of electrocution (weapon)
Armour
 a - a +0 robe (worn)
 g - a +0 cloak (worn)
 h - a +0 pair of gloves (worn)
Jewellery
 i - an amulet of magic regeneration (around neck)
Scrolls
 e - a scroll of teleportation
Potions
 c - 2 potions of flight {unknown}
 d - a potion of brilliance


   Skills:
 + Level 2.8 Dodging
 - Level 2.2 Stealth
 * Level 2.8 Spellcasting
 + Level 2.5 Conjurations
 * Level 4.9 Air Magic


You had 2 spell levels left.
You knew the following spells:

 Your Spells              Type           Power      Damage    Failure   Level
a - Shock                 Conj/Air       60%        1d6       3%          1
b - Static Discharge      Conj/Air       15%        3-5/arc   6%          2
c - Swiftness             Air            19%        N/A       7%          3

Your spell library contained the following spells:

 Spells                   Type           Power      Damage    Failure   Level
 Poisonous Vapours        Pois/Air       20%        N/A       10%         2
 Sting                    Tmut/Pois      8%         1d3       19%         1
 Blink                    Tloc           4%         N/A       26%         2
 Airstrike                Air            9%         2d(2-18)  24%         4
 Conjure Flame            Conj/Fire      6%         6-21      32%         3
 Ignite Poison            Fire/Tmut/Pois 2%         N/A       47%         3
 Lesser Beckoning         Tloc           2%         N/A       47%         3
 Sticky Flame             Conj/Fire      6%         2d3       71%         4
 Olgreb's Toxic Radiance  Pois           2%         N/A       87%         4
 Manifold Assault         Tloc           2%         N/A       99%         5


Dungeon Overview and Level Annotations

Branches:
Dungeon (3/15)

Altars:
Xom

Shops:
D:1 (   D:3 :

Annotations:
D:2 Pargi


Innate Abilities, Weirdness & Mutations

You have a beak for a mouth.
You have claws for feet.


Message History

The amulet cannot attune itself to your exhausted body.
i - an amulet of magic regeneration (around neck)
Casting: Shock (safe; 3% risk of failure)
Confirm with . or Enter, or press ? or * to list all spells.
Pargi is struck by an arc of lightning.
Pargi is lightly wounded.
You are struck by an arc of lightning.
The lightning grounds out.
Pargi completely misses you. Pargi misses you. Pargi claws you.
Casting: Static Discharge (safe; 6% risk of failure)
Confirm with . or Enter, or press ? or * to list all spells.
Pargi is struck by an arc of lightning.
Pargi is moderately wounded.
You are struck by an arc of lightning.
Pargi is struck by an arc of lightning.
Pargi is moderately wounded.
You are struck by an arc of lightning.
The lightning grounds out.
Pargi bites you but does no damage. Pargi closely misses you.
Pargi claws you but does no damage.
Casting: Static Discharge (safe; 6% risk of failure)
Confirm with . or Enter, or press ? or * to list all spells.
Pargi is struck by an arc of lightning!
Pargi is heavily wounded.
You are struck by an arc of lightning.
Pargi is struck by an arc of lightning!
Pargi is severely wounded.
The lightning grounds out.
Pargi closely misses you. x2
Pargi barely misses you. Pargi attacks as you move away! Pargi bites you.
Pargi closely misses you. Pargi misses you. Pargi attacks as you move away!
Pargi bites you but does no damage. Pargi claws you but does no damage.
Pargi misses you.
There is an escape hatch in the ceiling here.
Pargi closely misses you. Pargi claws you.
* * * LOW HITPOINT WARNING * * *
Pargi closely misses you. A mysterious force pulls you upwards.
The hatch slams shut behind you. Magic courses through your body.
Your amulet attunes itself to your body and you begin to regenerate magic more quickly.
Pargi bites you.
* * * LOW HITPOINT WARNING * * *
Pargi claws you.
You die...

........##รท..........#
###.#####
......####.#.........#
#........
#.....###..#.........##
#........
).....................#
#........
......................#
###.#.###
..........##..........## #..#.#
..........##...........###..#.#
..........##.........#..##..#.#
................@######.#.....#
#..........#....T..# #.#.....#
........#..#.......# ##.......#
###.....#...#......# #........#
###.....#.#........###.###....#
........#..##....####..# #....#
.##............#.##...## #....#
###..###............### #....#
##...#####.........## ###....#


You could see Pargi.

Vanquished Creatures
  An adder (D:3)
  A dart slug (D:3)
  4 ball pythons
  10 bats (D:1)
  3 endoplasms
  2 giant cockroaches (D:1)
  5 goblins
  9 hobgoblins
  3 jackals (D:2)
  4 quokkas
  5 frilled lizards
  10 kobolds
  5 rats
62 creatures vanquished.

Vanquished Creatures (others)
  3 withered plants (D:1)
3 creatures vanquished.

Grand Total: 65 creatures vanquished

Notes
Turn   | Place    | Note
-------+----------+-------------------------------------------
     0 | D:1      | Jakudza the Tengu Air Elementalist began the quest for the
                  | Orb.
     0 | D:1      | Reached XP level 1. HP: 10/10 MP: 4/4
   125 | D:1      | Found Giffouju's Antique Weapon Shop.
   143 | D:1      | Reached XP level 2. HP: 15/15 MP: 1/6
   598 | D:1      | Reached XP level 3. HP: 19/19 MP: 3/7
   817 | D:1      | Learned a level 2 spell: Static Discharge
   821 | D:1      | Learned a level 3 spell: Swiftness
   905 | D:1      | Found a faded altar of an unknown god.
  1562 | D:2      | Found a shimmering altar of Xom.
  1580 | D:2      | Reached XP level 4. HP: 24/24 MP: 3/9
  2108 | D:3      | Found Laquxour's Book Shoppe.
  2121 | D:3      | Noticed Pargi
  2163 | D:2      | Slain by Pargi

Illustrated notes

Levels and vault maps discovered:
D:1:      sevenhm_arrival_forest_fort_small_3, layout_basic, serial_shops,
          nicolae_shop_window_shopping, ebering_ecumenical_altar_petrified
D:2:      layout_rooms, basic_altar, minmay_misc_feat_plants
D:3:      layout_rooms, serial_shops, shop, nicolae_shop_hallway_stairs,
          nicolae_lakefront_shop, uniq_sigmund, uniq_pargi

Skill      XL: |  1  2 |
---------------+-------+-----
Conjurations   | 2 |  2.5
Dodging        | |  2.8
Stealth        | |  2.2
Spellcasting   | |  2.8
Air Magic      | |  4.9

Action                   |  1- 3 |  4- 6 || total
-------------------------+-------+-------++-------
Melee: Short sword       |     4 |       ||     4
       Kick              |     1 |       ||     1
 Cast: Shock             |    85 |    24 ||   109
       Static Discharge  |       |     4 ||     4
  Use: Scroll            |     3 |       ||     3
       Potion            |       |     1 ||     1
Armor: Robe              |     3 |     8 ||    11
Dodge: Dodged            |    10 |    12 ||    22
